 Dungeon Crawl Stone Soup version 0.30-a0-881-g1ff12e1e11 (webtiles) character file.

Game seed: 4318265506756645820

65 jlumianski the Trooper (level 3, 0/29 HPs)
             Began as a Demonspawn Fighter on Mar 14, 2023.
             Slain by a gnoll
             ... wielding a +0 spear of distortion
              (6 damage)
             ... on level 2 of the Dungeon on Mar 15, 2023.
             The game lasted 00:05:17 (1307 turns).

jlumianski the Trooper (Demonspawn Fighter)         Turns: 1307, Time: 00:05:21

Health: 0/29       AC:  6    Str: 18    XL:     3   Next: 92%
Magic:  3/3        EV:  9    Int:  9    God:
Gold:   66         SH:  4    Dex: 12    Spells: 2/2 levels left

rFire   . . .      SeeInvis .    a - +0 war axe
rCold   . . .      Faith    .    c - +0 buckler
rNeg    . . .      Spirit   .    b - +0 scale mail
rPois   .          Reflect  .    (no helmet)
rElec   .          Rampage  .    (no cloak)
rCorr   .                        (no gloves)
Will    .....                    (no boots) Stlth
                                 (no amulet)
HPRegen 0.24/turn                (no ring)
MPRegen 0.08/turn                (no ring)

@: no status effects
A: foul stench 1, demonic touch 1
a: no special abilities


You were on level 2 of the Dungeon.
You visited 1 branch of the dungeon, and saw 2 of its levels.

You collected 66 gold pieces.

Inventory:

Hand Weapons
 a - a +0 war axe (weapon)
Missiles
 e - 43 stones (quivered)
Armour
 b - a +0 scale mail (worn)
 c - a +0 buckler (worn)
Scrolls
 g - a scroll of identify {unknown}
 h - a scroll of amnesia {unknown}
 i - a scroll of fog {unknown}
 j - a scroll of teleportation {unknown}
 k - a scroll of fear {unknown}
 m - a scroll of enchant weapon {unknown}
 o - a scroll of brand weapon {unknown}
Potions
 d - a potion of might
 f - 3 potions of curing
 l - a potion of mutation {unknown}


   Skills:
 + Level 3.5 Fighting
 + Level 2.3 Axes
 + Level 3.2 Armour
 + Level 0.1 Dodging
 + Level 0.1 Stealth
 + Level 3.2 Shields


You had 2 spell levels left.
You didn't know any spells.
Your spell library contained the following spells:

 Spells                   Type           Power      Damage    Failure   Level
 Necrotise                Necr           0%         1d4       86%         1
 Cigotuvi's Dreadful Rot  Necr/Pois/Air  0%         N/A       94%         2
 Poisonous Vapours        Pois/Air       0%         N/A       94%         2
 Mephitic Cloud           Conj/Pois/Air  0%         N/A       99%         3
 Vampiric Draining        Necr           0%         2d6       99%         3
 Agony                    Necr           0%         N/A       100%        5


Dungeon Overview and Level Annotations

Branches:
Dungeon (2/15)

Altars:


Innate Abilities, Weirdness & Mutations

You may rarely emit foul miasma when damaged in melee.
Your touch may inflict minor irresistible damage on your foes.


Message History

The gnoll seems to slow down.
You block the gnoll's attack.
The gnoll is engulfed in dark miasma.
The gnoll looks even sicker.
The gnoll closely misses you.
You hit the gnoll.
You kill the gnoll!
Things that are here:
a +0 spear; a gnoll corpse
There is a stone staircase leading down, spattered with blood here.
You start resting.
HP restored.
You climb downwards.
There is a stone staircase leading up, spattered with blood here.
The ball python hisses angrily.
A bat comes into view.
The bat moves out of view.
The bat hits you but does no damage. The bat hits you.
You block the bat's attack. x2
You block the bat's attack.
There is a stone staircase leading up, spattered with blood here.
You miss the bat. The bat hits you but does no damage.
The bat barely misses you. The bat hits you but does no damage.
You slash the bat!
You kill the bat!
The gnoll barely misses you.
There is a stone staircase leading up, spattered with blood here.
The gnoll hits you but does no damage.
You blink.
You can't go up here!
Press: ? - help, v - describe, . - travel
Here: a ball python The floor, spattered with blood.
Sorry, you're not good enough to have a special ability.
The gnoll hits you but does no damage. Space warps around you.
You hit the ball python.
You kill the ball python!
The gnoll hits you from afar with a +0 spear of distortion.
Space warps horribly around you!
Ouch! That really hurt!
* * * LOW HITPOINT WARNING * * *
The gnoll hits you from afar with a +0 spear of distortion.
You die...

.... .....
...... .....
... ##.####
#.....#
#.....#
#...@.#
#...).#####.#
###.g#......#
##...######
#....##
#.##..###
#####...#
###.#
#........


You could see a gnoll.

Vanquished Creatures
  3 gnolls (D:1)
  An adder (D:1)
  A dart slug (D:1)
  4 ball pythons
  2 endoplasms
  A goblin (D:2)
  3 hobgoblins (D:1)
  3 kobolds
  3 quokkas
  2 bats (D:2)
  A frilled lizard (D:1)
  2 rats (D:1)
26 creatures vanquished.

Notes
Turn   | Place    | Note
-------+----------+-------------------------------------------
     0 | D:1      | jlumianski the Demonspawn Fighter began the quest for the
                  | Orb.
     0 | D:1      | Reached XP level 1. HP: 18/18 MP: 1/1
   187 | D:1      | Gained mutation: You may rarely emit foul miasma when
                  | damaged in melee. [demonic ancestry]
   187 | D:1      | Reached XP level 2. HP: 16/24 MP: 2/2
   620 | D:1      | Discovered your monstrous ancestry.
   620 | D:1      | Gained mutation: Your touch may inflict minor irresistible
                  | damage on your foes. [demonic ancestry]
   620 | D:1      | Reached XP level 3. HP: 26/29 MP: 3/3
   625 | D:1      | Upgraded the game from 0.30-a0-879-ga8ba668304 to
                  | 0.30-a0-881-g1ff12e1e11
   634 | D:1      | Found a faded altar of an unknown god.
  1126 | D:1      | HP: 1/29 [gnoll/+0 flail (6)]
  1307 | D:2      | Slain by a gnoll

Illustrated notes

Levels and vault maps discovered:
D:1:      minmay_arrival_shattered_statue, layout_loops_ring,
          chequers_ecumenical_altar_simple
D:2:      layout_rooms, kennysheep_cluttered_room,
          minmay_randomly_rotated_circles

Skill      XL: |  1  2  3 |
---------------+----------+-----
Shields        | 3 |  3.2
Axes           | 2 |  2.3
Armour         | 3 |  3.2
Fighting       | |  3.5
Dodging        | |  0.1
Stealth        | |  0.1

Action                     || total
---------------------------++-------
  Melee: War axe           ||    86
  Throw: Stone             ||     5
    Use: Potion            ||     3
 Armour: Scale mail        ||    45
  Dodge: Dodged            ||    48
  Block: Buckler           ||    35

Table legend: (Time is in decaauts)
 A = Elapsed time spent in this place.
 B = Non-inter-level travel time spent in this place.
 C = Inter-level travel time spent in this place.
 D = Time resting spent in this place.
 E = Time spent auto-exploring this place.
 F = Levels seen in this place.
 G = Mean time per level.
                   A        B        C        D        E       F      G
               +--------+--------+--------+--------+--------+-----+--------+
         Total |   1352 |   1329 |     23 |    302 |    584 |   2 |  676.0 |
       Dungeon |   1352 |   1329 |     23 |    302 |    584 |   2 |  676.0 |
               +--------+--------+--------+--------+--------+-----+--------+

Top non-repeatable levels by time:
     D:1: 1123 daAuts
     D:2: 228 daAuts
